 Dungeon Crawl Stone Soup version 0.29-a0-322-g68df515 (webtiles) character file.

Game seed: 9718769689883349013

1678 Toastz the Vexing (level 8, -7/37 HPs)
             Began as a Spriggan Enchanter on Apr 5, 2022.
             Was a Believer of Hepliaklqana.
             Engulfed by a steam dragon's steam (10 damage)
             ... on level 7 of the Dungeon.
             The game lasted 00:36:00 (10715 turns).

Toastz the Vexing (Spriggan Enchanter)             Turns: 10715, Time: 00:36:01

Health: -7/37      AC: 12    Str:  6    XL:     8   Next: 70%
Magic:  16/18      EV: 19    Int: 16    God:    Hepliaklqana [**....]
Gold:   311        SH:  0    Dex: 16    Spells: 8/19 levels left

rFire   . . .      SeeInvis +   a - +2 dagger (protect)
rCold   . . .      Faith    .   (no shield)
rNeg    . . .      Spirit   .   s - +0 robe
rPois   .          Reflect  .   A - +2 hat
rElec   .          Harm     .   k - +0 cloak
rCorr   +          Rampage  .   (gloves unavailable)
Will    +....                   (boots unavailable)
Stlth   +++.......              L - amulet of magic regeneration
HPRegen 0.12/turn               p - ring of resist corrosion
MPRegen 0.56/turn               (no ring)

@: under a protective aura, very quick
A: reduced essence, very small, no large weapons, unfitting armour, see
invisible, speed 3
a: Renounce Religion, Recall Ancestor, Ancestor Identity


You were on level 7 of the Dungeon.
You worshipped Hepliaklqana.
Hepliaklqana was pleased with you.
You visited 1 branch of the dungeon, and saw 7 of its levels.

You collected 311 gold pieces.

Inventory:

Hand Weapons
 a - a +2 dagger of protection (weapon)
 b - a +0 rapier
 n - the +9 spear of Frustration {vorpal, Dex+7}
   (You found it on level 2 of the Dungeon)

   It inflicts extra damage upon your enemies.
   Dex:       It affects your dexterity (+7).
 o - a +0 dagger of speed
 x - a +0 long sword
 H - a +0 dagger of flaming
Missiles
 g - 57 stones
 h - 13 poisoned darts (quivered)
 F - 6 curare-tipped darts
Armour
 k - a +0 cloak (worn)
 s - a +0 robe (worn)
 w - an orb of wrath
 A - a +2 hat (worn)
Jewellery
 p - a ring of resist corrosion (left hand)
 r - a ring of ice
 u - a ring of fire
 I - a ring of fire
 L - an amulet of magic regeneration (around neck)
Wands
 y - a wand of acid (4)
Scrolls
 f - 3 scrolls of amnesia
 j - a scroll of teleportation
 q - a scroll of fear {unknown}
 v - a scroll of noise {unknown}
 z - a scroll of magic mapping
 C - a scroll of torment
 D - a scroll of silence {unknown}
 E - 4 scrolls of blinking
 G - a scroll of brand weapon {unknown}
 K - a scroll of fog {unknown}
Potions
 c - 3 potions of invisibility
 d - 3 potions of heal wounds
 e - a potion of attraction {unknown}
 i - 4 potions of curing
 l - a potion of might {unknown}
 m - a potion of brilliance {unknown}
 t - a potion of resistance {unknown}
 B - 2 potions of mutation {unknown}
 J - a potion of flight {unknown}


   Skills:
 - Level 4.0 Fighting
 + Level 6.9 Short Blades
 + Level 4.7 Dodging
 - Level 5.0 Stealth
 - Level 6.0 Spellcasting
 - Level 7.0 Hexes
 - Level 1.0 Ice Magic


You had 8 spell levels left.
You knew the following spells:

 Your Spells              Type           Power      Damage    Failure   Level
a - Ensorcelled Hibernat  Hex/Ice        34%        N/A       4%          2
b - Tukima's Dance        Hex            27%        N/A       2%          3
c - Confusing Touch       Hex            27%        N/A       2%          3
d - Dazzling Flash        Conj/Hex       32%        N/A       10%         3

Your spell library contained the following spells:

 Spells                   Type           Power      Damage    Failure   Level


Dungeon Overview and Level Annotations

Branches:
Dungeon (7/15)
 Temple: D:4-7

Altars:
Ashenzari
Hepliaklqana
Okawaru
Ru
Trog
Uskayaw
Zin

Shops:
D:1 =   D:2 !


Innate Abilities, Weirdness & Mutations

Your life essence is reduced to manifest your ancestor. (-10% HP)
You are very small and have problems with some larger weapons.
You are too small for most types of armour.
You have supernaturally acute eyesight. (SInv)
You cover ground extremely quickly. (Speed+++)


Message History

Aim: an orc priest, wielding a +0 flail (lightly wounded, slow, ally target, chance to affect: 50%)
The orc priest looks drowsy...
Ceshille casts a spell at the orc priest.
The orc priest resists with some effort.
Ceshille casts a spell at the orc priest.
The orc priest resists with some effort.
The orc priest completely misses you.
Things that are here:
a +0 club; a +0 leather armour; an orc corpse You hit the orc priest.
Your punch misses the orc priest.
The orc priest is heavily wounded.
You hit the orc priest.
The orc priest is heavily wounded.
The orc priest hits you but does no damage.
You hit the orc priest.
The orc priest is severely wounded.
You hit the orc priest.
You kill the orc priest!
Training target 7.0 for Hexes reached!
Your Hexes skill increases to level 7!
Casting: Ensorcelled Hibernation (safe; 4% risk of failure)
Confirm with . or Enter, or press ? or * to list all spells.
Aiming: Ensorcelled Hibernation (safe; 4% risk of failure)
Press: ? - help, Shift-Dir - straight line, f - orc
Aim: an orc, wielding a +0 club (chance to affect: 67%)
The orc looks drowsy...
The helpless orc fails to defend itself.
You perforate the orc like a sieve!!!
You kill the orc!
The steam dragon breathes steam at you. The ball of steam hits you!
* * * LOW HITPOINT WARNING * * *
The ball of steam hits Ceshille!
Ceshille resists.
You swap places.
You are engulfed in a cloud of scalding steam.
You are engulfed in a cloud of scalding steam.
There is a stone staircase leading up here.
You are engulfed in a cloud of scalding steam.
You die...

#.# ###.# .#
....## #.##
#.... .....
#.#.. ...#
#.#§#...
#.#.#§#§# #
#.#.#@§§#
#.#...§§#.#
#.....#R# #
.......#§#.# #
.......#D#.# .#
..........# ..##
.....###.##D....
#.... #..§o.⌠.o
##+## #)##.....


You could see the friendly Ceshille the hexer.

Vanquished Creatures
  2 sky beasts
  An ogre (D:5)
  A bullfrog (D:5)
  3 scorpions
  A hound (D:3)
  A jelly (D:6)
  5 orc priests
  Crazy Yiuf (D:5)
  A gnoll shaman (D:5)
  Jessica (D:3)
  Natasha (twice) (D:3)
  3 iguanas
  2 orc wizards
  6 gnolls
  11 adders
  2 worms (D:3)
  21 orcs
  11 ball pythons
  7 bats
  2 endoplasms
  7 giant cockroaches
  7 goblins
  7 hobgoblins
  5 jackals
  3 kobolds
  6 quokkas
  4 frilled lizards
  7 rats
130 creatures vanquished.

Vanquished Creatures (collateral kills)
  Edmund (D:4)
  A kobold brigand (D:6)
  A gnoll sergeant (D:6)
  2 iguanas
  An orc wizard (D:6)
  3 gnolls
  2 adders
  A shadow imp (D:7)
  An ufetubus (D:4)
  7 orcs
  2 giant cockroaches (D:4)
  A hobgoblin (D:4)
  A kobold (D:6)
  A ball python (D:4)
25 creatures vanquished.

Vanquished Creatures (others)
  2 dancing weapons
  An orc (D:7)
  A fungus (D:5)
  A plant (D:1)
5 creatures vanquished.

Grand Total: 160 creatures vanquished

Notes
Turn   | Place    | Note
-------+----------+-------------------------------------------
     0 | D:1      | Toastz the Spriggan Enchanter began the quest for the Orb.
     0 | D:1      | Reached XP level 1. HP: 9/9 MP: 5/5
   166 | D:1      | Found Itiggezi's Jewellery Shoppe.
   193 | D:1      | Reached skill level 1 in Fighting
   254 | D:1      | Reached XP level 2. HP: 14/14 MP: 6/6
   261 | D:1      | Learned a level 2 spell: Ensorcelled Hibernation
   744 | D:1      | Found a faded altar of an unknown god.
  1192 | D:2      | Reached XP level 3. HP: 18/18 MP: 8/8
  1200 | D:2      | Identified the +9 spear of Frustration {vorpal, Dex+7}
  1336 | D:1      | Learned a level 3 spell: Tukima's Dance
  1805 | D:2      | Found a hazy altar of Hepliaklqana.
  1885 | D:2      | Became a worshipper of Hepliaklqana the Forgotten
  1977 | D:2      | Found Iffir's Distillery.
  2069 | D:2      | Identified the +8 mace "Boasoxoe" {antimagic, Int+4 Dex+4}
  2675 | D:3      | Learned a level 3 spell: Confusing Touch
  2743 | D:3      | Reached XP level 4. HP: 14/23 MP: 1/10
  3303 | D:3      | Reached skill level 4 in Hexes
  3562 | D:3      | Reached XP level 5. HP: 25/26 MP: 3/11
  3956 | D:3      | Found a hazy altar of Hepliaklqana.
  4070 | D:3      | Noticed Jessica
  4071 | D:3      | Killed Jessica
  4131 | D:3      | Noticed Natasha
  4133 | D:3      | Killed Natasha
  4316 | D:4      | Found a bloodstained altar of Trog.
  4387 | D:4      | Reached * piety under Hepliaklqana
  4799 | D:3      | Learned a level 3 spell: Dazzling Flash
  4851 | D:4      | Reached skill level 1 in Ice Magic
  5034 | D:4      | Reached XP level 6. HP: 26/28 MP: 8/13
  5633 | D:4      | Reached skill level 5 in Hexes
  6541 | D:3      | Noticed Natasha
  6642 | D:3      | Killed Natasha
  6643 | D:3      | Reached skill level 5 in Short Blades
  6643 | D:3      | Reached skill level 5 in Stealth
  6643 | D:3      | Reached XP level 7. HP: 22/32 MP: 11/14
  7032 | D:5      | Entered Level 5 of the Dungeon
  7194 | D:5      | Found a glowing silver altar of Zin.
  7197 | D:5      | Found an iron altar of Okawaru.
  7201 | D:5      | Found a sacrificial altar of Ru.
  7221 | D:5      | Found a hide-covered altar of Uskayaw.
  8135 | D:5      | Found a runed translucent door.
  8136 | D:5      | Noticed Crazy Yiuf
  8265 | D:5      | Found a broken altar of Ashenzari.
  8480 | D:5      | Killed Crazy Yiuf
  8481 | D:5      | Reached skill level 5 in Spellcasting
  8554 | D:6      | Noticed Edmund
  8654 | D:4      | Killed Edmund
  8655 | D:4      | Reached skill level 6 in Hexes
  8882 | D:5      | Reached XP level 8. HP: 34/37 MP: 4/16
  9540 | D:6      | Reached ** piety under Hepliaklqana
  9570 | D:6      | Remembered your ancestor Ceshille as a hexer
 10711 | D:7      | Reached skill level 7 in Hexes
 10715 | D:7      | Engulfed by a steam dragon's steam

Illustrated notes

Levels and vault maps discovered:
D:1:      psy_arrival_wood_between_worlds, layout_basic, serial_shops, shop,
          dreamdust_ecumenical_altar_angels_and_demons, chequers_avenue,
          feat_on_display
D:2:      layout_basic, basic_altar, serial_shops, nicolae_shop_crystal
D:3:      layout_basic, mainiacjoe_overflow_paths, minivault_27,
          hangedman_decor_growths, uniq_natasha, uniq_jessica
D:4:      layout_basic, mainiacjoe_overflow_boulevard, minmay_misc_feat_doors,
          minmay_fractal_squares_diagonal_5
D:5:      layout_loops_ring, mainiacjoe_overflow_tiny_flanked,
          grunt_temple_overflow_diamond, ashenzari_altar_1,
          uniq_crazy_yiuf_cottage
D:6:      layout_rooms, st_stairs_2, uniq_edmund
D:7:      layout_basic, minmay_temple_entry_ruins, enter_ossuary_2,
          minmay_misc_feat_hallway, nicolae_zen_rock_garden,
          grunt_ministairs_15, uniq_duvessa

Skill      XL: |  1  2  3  4  5  6  7  8 |
---------------+-------------------------+-----
Fighting       | 1 2 3 4 |  4.0
Short Blades   | 2 3 5 6 |  6.9
Spellcasting   | 3 4 5 6 |  6.0
Hexes          | 4 5 6 7 |  7.0
Ice Magic      | 1 |  1.0
Stealth        | 5 |  5.0
Dodging        | 4 |  4.7

Action                   |  1- 3 |  4- 6 |  7- 9 || total
-------------------------+-------+-------+-------++-------
Melee: Dagger            |   133 |   157 |   143 ||   433
       Punch             |     1 |     2 |     2 ||     5
Throw: Stone             |     5 |       |       ||     5
 Cast: Ensorcelled Hiber |    35 |    46 |    73 ||   154
       Confusing Touch   |     1 |     3 |     2 ||     6
       Tukima's Dance    |       |     6 |     5 ||    11
       Dazzling Flash    |       |       |     1 ||     1
Invok: Ancestor Identity |       |     3 |       ||     3
       Recall Ancestor   |       |     6 |    11 ||    17
       Ancestor Life: He |       |       |     1 ||     1
  Use: Scroll            |       |     4 |     4 ||     8
       Potion            |       |       |     1 ||     1
 Stab: Sleeping          |    30 |    27 |    28 ||    85
       Confused          |       |     3 |     1 ||     4
Armor: Robe              |    21 |    12 |    24 ||    57
Dodge: Dodged            |   101 |   123 |   122 ||   346

Table legend: (Time is in decaauts)
 A = Elapsed time spent in this place.
 B = Non-inter-level travel time spent in this place.
 C = Inter-level travel time spent in this place.
 D = Time resting spent in this place.
 E = Time spent auto-exploring this place.
 F = Levels seen in this place.
 G = Mean time per level.
                   A        B        C        D        E       F      G
               +--------+--------+--------+--------+--------+-----+--------+
         Total |   8810 |   8566 |    244 |   4496 |   2524 |   7 | 1258.6 |
       Dungeon |   8810 |   8566 |    244 |   4496 |   2524 |   7 | 1258.6 |
               +--------+--------+--------+--------+--------+-----+--------+

Top non-repeatable levels by time:
     D:3: 2506 daAuts
     D:5: 1785 daAuts
     D:4: 1642 daAuts
     D:1: 1270 daAuts
     D:6: 848 daAuts
     D:2: 714 daAuts
     D:7: 42 daAuts
